AoeStats
← ITZ | AutocavS

Highland

504366219Analyzed
2v2 RM · 29d ago on Sep 5, 2026· 42m 19s· 4 players
Game mode
Random Map
Map size
Medium (4 player)
Population
200
Speed
Normal
Resources
Standard
Victory
Conquest
Starting age
Dark Age
Ending age
Imperial Age
RankedLock teamsTeams togetherTeam positionsShared explorationLock speedFull tech treeHidden civsTurbo modeCheats
Victory
Defeat
🇦🇷 Vikings · Argentina
1371
+13
🇦🇷 Magyars · Argentina
1354
+13
🇨🇱 Vietnamese · Chile
1307
-13
🇦🇷 Inca · Argentina
1307
-13
CLOUS
0:33 Loom
8:34 Loom
10:31 Feudal Age
9:15 Loom
15:40 Castle Age
13:57 Champi Runner
16:34 Double-Bit Axe
19:54 Horse Collar
23:54 Town Watch
25:13 Heavy Plow
25:46 Gold Mining
26:10 Champi Warrior
26:50 Squires
26:36 Arson
27:37 Wheelbarrow
28:21 Scale Mail Armor
28:32 Forging
30:25 Chain Mail Armor
30:45 Iron Casting
30:58 Pikeman
31:24 Arson
31:32 Fletching
37:32 Bow Saw
37:13 Stone Mining
larry fisherman
10:14 Feudal Age
13:59 Loom
16:56 Castle Age
14:57 Double-Bit Axe
19:54 Wheelbarrow
19:34 Bow Saw
23:25 Horse Collar
30:15 Fletching
30:25 Padded Archer Armor
33:11 Imperial Age
31:10 Heavy Plow
31:22 Bodkin Arrow
31:45 Gold Mining
31:36 Crossbowman
33:37 Ballistics
34:05 Bracer
36:31 Chemistry
35:59 Thumb Ring
35:14 Arbalester
35:48 Elite Skirmisher
37:30 Imperial Skirmisher
ITZ | Cappe73
7:49 Loom
10:14 Feudal Age
10:56 Double-Bit Axe
13:36 Horse Collar
20:11 Castle Age
20:04 Fletching
20:15 Padded Archer Armor
21:32 Bodkin Arrow
21:53 Leather Archer Armor
23:39 Bow Saw
23:00 Crossbowman
25:00 Ballistics
24:45 Gold Mining
25:04 Heavy Plow
26:26 Town Watch
27:39 Gold Shaft Mining
33:36 Imperial Age
32:50 Squires
32:36 Arson
32:53 Scale Mail Armor
33:04 Forging
33:44 Arbalester
34:25 Bracer
35:26 Two-Man Saw
36:03 Ring Archer Armor
36:14 Conscription
35:19 Elite Skirmisher
36:57 Bogsveigar
37:34 Hoardings
37:14 Elite Berserk
39:44 Chemistry
38:50 Siege Engineers
38:28 Treadmill Crane
40:57 Stone Mining
40:35 Capped Ram
42:11 Crop Rotation
41:59 Caravan
42:45 Chain Mail Armor
43:06 Iron Casting
ITZ | AutocavS
5:10 Loom
9:04 Feudal Age
10:44 Double-Bit Axe
10:59 Horse Collar
19:24 Castle Age
17:18 Gold Mining
18:49 Bloodlines
21:23 Gold Shaft Mining
24:27 Stone Mining
27:22 Bow Saw
29:57 Imperial Age
27:39 Heavy Plow
29:53 Scale Barding Armor
30:22 Husbandry
31:13 Wheelbarrow
30:26 Town Watch
31:15 Chain Barding Armor
30:47 Cavalier
33:12 Hand Cart
34:55 Conscription
36:26 Paladin
38:37 Plate Barding Armor
Connection lost

Rejoining the realm…

Still unreachable

The connection could not be restored.

Session expired

The server has moved on; the page needs a fresh start.